AoeStats
← Sir Richard III

Arabia

508903309Analyzed
1v1 RM · 9d ago on Sep 24, 2026· 39m 30s· 2 players
Game mode
Random Map
Map size
Tiny (2 player)
Population
200
Speed
Normal
Resources
Standard
Victory
Conquest
Starting age
Dark Age
Ending age
Imperial Age
RankedLock teamsTeams togetherTeam positionsShared explorationLock speedFull tech treeHidden civsTurbo modeCheats
Victory
Defeat
🇨🇭 Portuguese · Switzerland
605
+13
🇳🇱 Magyars · Netherlands
540
-13
Pepe Poppins
10:34 Feudal Age
11:55 Double-Bit Axe
12:16 Horse Collar
12:59 Scale Barding Armor
15:00 Loom
18:26 Bloodlines
24:12 Castle Age
24:05 Fletching
25:12 Light Cavalry
25:16 Crossbowman
32:23 Chain Barding Armor
32:07 Husbandry
Sir Richard III
7:15 Loom
9:31 Feudal Age
18:40 Castle Age
17:53 Double-Bit Axe
22:28 Scale Barding Armor
27:16 Bloodlines
27:29 Chain Barding Armor
28:05 Fletching
Connection lost

Rejoining the realm…

Still unreachable

The connection could not be restored.

Session expired

The server has moved on; the page needs a fresh start.